 Dungeon Crawl Stone Soup version 0.27.1-34-g3ba077fa99 (webtiles) character file.

Game seed: 1937671856836739120

7 unlimited1921 the Vexing (level 2, 0/23 HPs)
             Began as a Gnoll Arcane Marksman on Jan 22, 2022.
             Slain by a giant cockroach (2 damage)
             ... on level 2 of the Dungeon on Jan 23, 2022.
             The game lasted 00:02:02 (116 turns).

unlimited1921 the Vexing (Gnoll Arcane Marksman)     Turns: 116, Time: 00:02:03

Health: 0/23       AC:  2    Str:  9    XL:     2   Next: 0%
Magic:  5/5        EV: 13    Int: 12    God:
Gold:   0          SH:  0    Dex: 12    Spells: 5/6 levels left

rFire    . . .     SeeInvis .   a - +0 hand crossbow
rCold    . . .     Faith    .   (no shield)
rNeg     . . .     Spirit   .   d - +0 robe
rPois    .         Reflect  .   (no helmet)
rElec    .         Harm     .   (no cloak)
rCorr    .         Rampage  .   (no gloves)
Will     .....                  (no boots)
Stlth    +.........             (no amulet)
HPRegen  0.07/turn              (no ring)
MPRegen  0.09/turn              (no ring)

@: no status effects
A: fangs 1, strong nose, distributed training
a: no special abilities


You were on level 2 of the Dungeon.
You visited 1 branch of the dungeon, and saw 2 of its levels.

Inventory:

Hand Weapons
 a - a +0 hand crossbow (weapon)
Missiles
 c - 8 bolts (quivered ammo)
Armour
 d - a +0 robe (worn)


   Skills:
 + Level 2.4 Fighting
 + Level 0.2 Short Blades
 + Level 0.2 Long Blades
 + Level 0.2 Axes
 + Level 0.2 Maces & Flails
 + Level 0.2 Polearms
 + Level 0.2 Staves
 + Level 0.2 Slings
 + Level 0.2 Bows
 + Level 4.4 Crossbows
 + Level 0.2 Throwing
 + Level 0.2 Armour
 + Level 4.4 Dodging
 + Level 0.2 Stealth
 + Level 0.2 Shields
 + Level 0.2 Unarmed Combat
 + Level 2.6 Spellcasting
 + Level 0.1 Conjurations
 + Level 5.3 Hexes
 + Level 0.1 Summonings
 + Level 0.1 Necromancy
 + Level 0.1 Translocations
 + Level 0.1 Transmutations
 + Level 0.1 Fire Magic
 + Level 0.1 Ice Magic
 + Level 0.1 Air Magic
 + Level 0.1 Earth Magic
 + Level 0.1 Poison Magic
 + Level 0.3 Invocations
 + Level 0.2 Evocations


You had 5 spell levels left.
You knew the following spells:

 Your Spells              Type           Power      Damage    Failure   Level
a - Corona                Hex            15%        N/A       2%          1

Your spell library contained the following spells:

 Spells                   Type           Power      Damage    Failure   Level
 Slow                     Hex            14%        N/A       4%          2
 Inner Flame              Hex/Fire       8%         N/A       24%         3
 Portal Projectile        Hex/Tloc       16%        N/A       24%         3
 Cause Fear               Hex            7%         N/A       28%         4


Dungeon Overview and Level Annotations

Branches:
Dungeon (2/15)

Altars:


Innate Abilities, Weirdness & Mutations

You have very sharp teeth.
Your uncanny sense of smell can sniff out nearby items.
Your experience applies equally to all skills.


Message History

Confirm with . or Enter, or press ? or * to list all spells.
Okay, then.
Unknown command.
Unknown command.
Unknown command.
Unknown command.
Welcome back, unlimited1921 the Gnoll Arcane Marksman.
Press ? for a list of commands and other information.
You are too injured to fight recklessly!
Unknown command.
Really attack while wielding your +0 hand crossbow?
Okay, then.
Unknown command.
Unknown command.
Really attack while wielding your +0 hand crossbow?
Okay, then.
The giant cockroach bites you but does no damage.
The kobold completely misses you.
The giant cockroach bites you but does no damage.
The kobold hits you with a +0 club. The giant cockroach misses you.
The kobold misses you. The giant cockroach barely misses you.
The giant cockroach bites you. The kobold hits you but does no damage.
Unknown command.
The giant cockroach bites you.
* * * LOW HITPOINT WARNING * * *
The kobold barely misses you.
The giant cockroach bites you but does no damage.
The kobold barely misses you.
Unknown command.
The giant cockroach bites you but does no damage.
The kobold hits you but does no damage.
Unknown command.
The giant cockroach closely misses you. The kobold hits you but does no damage.
The giant cockroach barely misses you.
Unknown command.
The kobold hits you with a +0 club.
* * * LOW HITPOINT WARNING * * *
The giant cockroach bites you.
You die...

#...# #..#
#.. #..# #..
#..# #.. #..#
#.# #..###
#.# ###...w.
#.# #.....##
#K# ##.###.#
#@########..#
.#
#.Bhgw.....##
.#
#########.##
.#. #.# #.
..# . #.## #.
#. #.


You could see a worm, a jackal, a giant cockroach, a goblin and a kobold.

Vanquished Creatures
  A dart slug (D:1)
  A goblin (D:1)
  2 jackals
4 creatures vanquished.

Notes
Turn   | Place    | Note
-------+----------+-------------------------------------------
     0 | D:1      | unlimited1921 the Gnoll Arcane Marksman began the quest for
                  | the Orb.
     0 | D:1      | Reached XP level 1. HP: 17/17 MP: 4/4
    27 | D:2      | Reached XP level 2. HP: 10/23 MP: 5/5
    84 | D:2      | Found a faded altar of an unknown god.
   116 | D:2      | Slain by a giant cockroach

Illustrated notes

Levels and vault maps discovered:
D:1:      dpeg_arrival_tiny_a, layout_basic
D:2:      layout_rooms, shapermc_ecumenical_altar_gd, serial_co_window_serial,
          co_window_of_opportunity_a, co_window_paths_a, co_window_corner_a,
          co_window_paths_a, co_window_corner_a, co_window_of_opportunity_a,
          co_window_of_opportunity_a, co_window_corner_a,
          co_window_of_opportunity_a, co_window_corner_b, co_window_cross_3,
          co_window_unsneaky_path_b, co_window_unsneaky_path_e,
          co_window_corner_b, glass_columns_b, uniq_jessica, uniq_natasha

Action                   || total
-------------------------++-------
 Fire: Hand crossbow     ||    12
Armor: Robe              ||    15
Dodge: Dodged            ||    42
